 Dungeon Crawl Stone Soup version 0.25.1-2-g60ff931df9 (webtiles) character file.

Game seed: 1442196255704199549

315 DearestLeader the Chopper (level 6, -5/44 HPs)
             Began as a Demonspawn Gladiator on Oct 23, 2020.
             Slain by an ogre
             ... wielding a +0 giant spiked club
              (8 damage)
             ... on level 4 of the Dungeon.
             The game lasted 00:05:57 (3732 turns).

DearestLeader the Chopper (Demonspawn Gladiator)    Turns: 3732, Time: 00:05:58

Health: -5/44      AC: 11    Str: 16      XL:     6   Next: 20%
Magic:  0/6        EV: 11    Int: 10      God:
Gold:   156        SH:  0    Dex:  9 (10) Spells: 5/5 levels left

rFire    + . .     SeeInvis +   c - +0 war axe (vorpal)
rCold    + + .     Gourm    .   (no shield)
rNeg     . . .     Faith    .   u - +0 chain mail (curse)
rPois    .         Spirit   +   (helmet unavailable)
rElec    .         Reflect  .   b - +0 cloak
rCorr    .         Harm     .   q - +0 pair of gloves
MR       .....                  (no boots)
Stlth    ..........             (no amulet)
HPRegen  0.14/turn              h - +4 ring of evasion
MPRegen  0.10/turn              k - ring of Coqeun {rF+ rC++ Dex-4} (curse)

@: no status effects
A: antennae 3, magic shield
a: no special abilities


You were on level 4 of the Dungeon.
You were hungry.

You visited 1 branch of the dungeon, and saw 4 of its levels.

You collected 156 gold pieces.

Inventory:

Hand Weapons
 a - a +0 war axe
 c - a +0 vorpal war axe (weapon)
Missiles
 d - 3 throwing nets (quivered)
Armour
 b - a +0 cloak (worn)
 q - a +0 pair of gloves (worn)
 r - a +0 buckler
 u - a cursed +0 chain mail (worn)
Jewellery
 h - a +4 ring of evasion (left hand)
 k - the cursed ring of Coqeun (right hand) {rF+ rC++ Dex-4}
   (You found it on level 4 of the Dungeon)

   [ring of dexterity]

   It affects your dexterity (-4).
   It protects you from fire.
   It greatly protects you from cold.
   It has a curse placed upon it.
Scrolls
 e - 4 scrolls of identify {unknown}
 l - 3 scrolls of teleportation {unknown}
 n - a scroll of immolation {unknown}
 o - a scroll of amnesia {unknown}
 p - a scroll of noise {unknown}
 s - a scroll of enchant weapon {unknown}
Potions
 g - a potion of lignification {unknown}
 i - 2 potions of might {unknown}
 j - a potion of heal wounds {unknown}
 m - a potion of curing {unknown}
 t - 2 potions of magic {unknown}
Comestibles
 f - 9 rations
 v - 4 chunks of flesh


   Skills:
 - Level 2.0 Fighting
 * Level 5.5 Axes
 - Level 1.7 Throwing
 + Level 2.6 Armour
 - Level 3.0 Dodging


You had 5 spell levels left.
You didn't know any spells.
Your spell library was empty.

Dungeon Overview and Level Annotations

Branches:
Dungeon (4/15)
 Temple: D:4-7

Altars:
Fedhas
Gozag
Kikubaaqudgha
Trog
Uskayaw
Yredelemnul


Innate Abilities, Weirdness & Mutations

You have a pair of large antennae on your head. (SInv)
When hurt, damage is shared between your health and your magic reserves.


Message History

There is an open door here.
The ogre shouts!
The ogre is too close now for your liking.
There is an open door here.
You hit the ogre.
The ogre is moderately wounded.
The ogre closely misses you.
You are feeling hungry.
You hit the ogre.
The ogre is heavily wounded.
The ogre hits you with a +0 giant spiked club!!
You hit the ogre.
The ogre is almost dead.
The ogre hits you with a +0 giant spiked club!!
* * * LOW HITPOINT WARNING * * *
You are too injured to fight recklessly!
You closely miss the ogre.
The ogre is almost dead.
The ogre hits you with a +0 giant spiked club!
You die...

..[##...........#................
................#................
.......###'###..#......###'#...รท.
.......#.....#..#......#...#.....
.......#)8.8^#..+......'...#.....
...#####.._..#>.#......#...#.....
#'##..(#.8.8.##'#....).#...#.....
.......#.....#..#....<.#...#.....
.......#######..@......#...#.....
.........'.....O#......#...#.....
.........#......#......#...#.....
.........#......#..[...#...#.....
.........########......#...#.....
.......................#...#.....
.......................#'###.....
....#####........................
....'...#........######..........


You could see an ogre.

Vanquished Creatures
  A scorpion (D:3)
  A quasit (D:4)
  A centaur skeleton (D:4)
  8 adders
  3 oozes
  2 worms
  5 dart slugs
  4 leopard geckos
  6 orcs (D:4)
  2 ball pythons
  7 giant cockroaches
  2 gnoll zombies (D:3)
  9 goblins
  6 hobgoblins
  11 jackals
  9 kobolds
  A quokka (D:3)
  8 bats
  4 frilled lizards
  9 rats
99 creatures vanquished.

Notes
Turn   | Place    | Note
-------+----------+-------------------------------------------
     0 | D:1      | DearestLeader the Demonspawn Gladiator began the quest for
                  | the Orb.
     0 | D:1      | Reached XP level 1. HP: 16/16 MP: 1/1
    69 | D:1      | Reached skill level 3 in Axes
    71 | D:1      | Gained mutation: When hurt, damage is shared between your
                  | health and your magic reserves. [demonic ancestry]
    71 | D:1      | Reached XP level 2. HP: 17/22 MP: 2/2
   688 | D:1      | Reached XP level 3. HP: 25/27 MP: 3/3
  1198 | D:2      | Reached skill level 1 in Armour
  1251 | D:2      | Reached skill level 4 in Axes
  1251 | D:2      | Gained mutation: You have a pair of small antennae on your
                  | head. [demonic ancestry]
  1251 | D:2      | Reached XP level 4. HP: 33/33 MP: 4/4
  1446 | D:2      | Found an opulent altar of Gozag.
  1995 | D:2      | Found a bloodstained altar of Trog.
  2222 | D:3      | Found a hide-covered altar of Uskayaw.
  2304 | D:3      | Found a blossoming altar of Fedhas.
  2422 | D:3      | Gained mutation: You have a pair of antennae on your head.
                  | [demonic ancestry]
  2422 | D:3      | Reached XP level 5. HP: 38/38 MP: 5/5
  2825 | D:3      | Found a basalt altar of Yredelemnul.
  3144 | D:4      | Reached skill level 5 in Axes
  3172 | D:4      | Noticed an ogre
  3382 | D:4      | Found an ancient bone altar of Kikubaaqudgha.
  3423 | D:4      | Got a faintly glowing ivory ring
  3424 | D:4      | Identified the cursed ring of Coqeun {rF+ rC++ Dex-4} (You
                  | found it on level 4 of the Dungeon)
  3461 | D:4      | Gained mutation: You have a pair of large antennae on your
                  | head. (SInv) [demonic ancestry]
  3461 | D:4      | Reached XP level 6. HP: 36/44 MP: 6/6
  3732 | D:4      | Slain by an ogre

Illustrated notes

Levels and vault maps discovered:
D:1:      erik_arrival_cave_to_civilisation [erik_arrival_cave_to_hall],
          layout_basic
D:2:      layout_loops_ring, lightli_temple_of_fire, first_ration,
          nicolae_gozag_seed_capital
D:3:      layout_loops_ring, eat_drink_and_be_merry_uskayaw,
          lemuel_coloured_pillars_altar, lemuel_zombie_altar_yredelemnul
D:4:      layout_gridville, kennysheep_little_box

Skill      XL: |  1  2  3  4  5 |
---------------+----------------+-----
Axes           | 3 4 5 |  5.5
Dodging        | 3 |  3.0
Armour         | 1 2 |  2.6
Fighting       | |  2.0
Throwing       | |  1.7

Action                   |  1- 3 |  4- 6 || total
-------------------------+-------+-------++-------
Melee: War axe           |   121 |   193 ||   314
 Stab: Sleeping          |     1 |       ||     1
  Eat: Chunk             |     1 |     8 ||     9
Armor: Leather armour    |    44 |       ||    44
       Scale mail        |    11 |    42 ||    53
       Chain mail        |       |    81 ||    81
Dodge: Dodged            |   128 |   176 ||   304
